 Dungeon Crawl Stone Soup version 0.21.1-1-g345015f (webtiles) character file.

149 aMcNicky the Covered (level 5, 0/47 HPs)
             Began as a Minotaur Fighter on Mar 18, 2018.
             Killed by nerve-wracking pain
             ... invoked by an orc priest
              (12 damage)
             ... on level 2 of the Dungeon.
             The game lasted 00:02:12 (1062 turns).

aMcNicky the Covered (Minotaur Fighter)             Turns: 1062, Time: 00:02:14

Health: 0/47       AC:  9    Str: 27    XL:     5   Next: 9%
Magic:  4/4        EV:  6    Int:  5    God:
Gold:   72         SH: 10    Dex:  9    Spells: 4/4 levels left

rFire    . . .     SeeInvis .   a - +0 war axe
rCold    . . .     Gourm    .   c - +0 shield
rNeg     . . .     Faith    .   n - +0 chain mail
rPois    .         Spirit   .   (helmet restricted)
rElec    .         Reflect  .   (no cloak)
rCorr    .         Harm     .   (no gloves)
MR       .....                  (no boots)
Stlth    ..........             (no amulet)
HPRegen  0.15/turn              (no ring)
MPRegen  0.09/turn              (no ring)

@: mighty
A: retaliatory headbutt, horns 2
a: no special abilities


You were on level 2 of the Dungeon.
You were hungry.

You visited 1 branch of the dungeon, and saw 2 of its levels.

You collected 72 gold pieces.

Inventory:

Hand Weapons
 a - a +0 war axe (weapon)
Armour
 b - a +0 scale mail
 c - a +0 shield (worn)
 n - a +0 chain mail (worn)
Scrolls
 e - a scroll of immolation {unknown}
 g - a scroll of amnesia {unknown}
 h - a scroll of remove curse {unknown}
 i - 3 scrolls of identify {unknown}
 k - 3 scrolls of enchant weapon {unknown}
Potions
 d - a potion of might
 j - a potion of curing {unknown}
 m - a potion of cancellation {unknown}
Comestibles
 f - 4 rations
 l - 2 chunks of flesh


   Skills:
 + Level 4.7 Fighting
 * Level 4.0 Axes
 + Level 4.7 Armour
 - Level 4.5 Shields


You had 4 spell levels left.
You didn't know any spells.

Dungeon Overview and Level Annotations

Branches:
Dungeon (2/15)

Altars:
Cheibriados
Fedhas
Sif Muna
Uskayaw


Innate Abilities, Weirdness & Mutations

You reflexively headbutt those who attack you in melee.
You have a pair of horns on your head.


Message History

You closely miss the orc priest.
The orc priest is moderately wounded.
You completely miss the orc. You closely miss the orc priest.
The orc priest hits you but does no damage.
You block the orc's attack.
The orc priest calls down the wrath of Beogh upon you.
Beogh smites you!
* * * LOW HITPOINT WARNING * * *
You slash the orc priest!
You kill the orc priest!
Your Axes skill increases to level 4!
You have reached level 5!
You hit the orc but do no damage. You closely miss the orc priest.
The orc barely misses you. You block the orc priest's attack.
The frilled lizard bites you but does no damage.
You feel very mighty all of a sudden. You block the orc's attack.
The orc priest invokes the aid of Beogh against you.
Pain shoots through your body!
You die...

#.######### ..
##..%....... #.
#.........### #.####
##._..._..... ...#..
##..........# . #..#(#
#.....8.....#.# #.
.....#####..............
##.#
#.....)...<)._..ol.#....
##...
#..#.#######....@o......
...... #.....####
##...)###.... #....K#
#..###.#.## #.#### ...
#.#.... #..# #....###.#
.≈..... ...###........#
≈...≈.. ###...##.####.#
≈≈≈≈... ######.# ...
≈≈≈≈.≈o #.# ≈≈≈≈o.. #.#
.≈≈o.≈#


You could see an orc priest, an orc and a frilled lizard.

Vanquished Creatures
  An orc priest (D:2)
  Jessica (D:1)
  Natasha (D:2)
  Terence (D:2)
  2 adders (D:2)
  A dart slug (D:1)
  A leopard gecko (D:1)
  An orc (D:2)
  5 bats (D:1)
  3 goblins
  4 hobgoblins
  A frilled lizard (D:1)
  2 kobolds
  3 rats (D:1)
27 creatures vanquished.

Notes
Turn   | Place    | Note
-------+----------+-------------------------------------------
     0 | D:1      | aMcNicky the Minotaur Fighter began the quest for the Orb.
     0 | D:1      | Reached XP level 1. HP: 19/19 MP: 0/0
   375 | D:1      | Reached XP level 2. HP: 27/27 MP: 1/1
   908 | D:2      | Found a blossoming altar of Fedhas.
   908 | D:2      | Found a snail-covered altar of Cheibriados.
   908 | D:2      | Found a hide-covered altar of Uskayaw.
   908 | D:2      | Found a deep blue altar of Sif Muna.
   908 | D:2      | Noticed Jessica
   908 | D:2      | Noticed Natasha
   913 | D:1      | Killed Jessica
   913 | D:1      | Reached XP level 3. HP: 33/33 MP: 2/2
   969 | D:2      | Killed Natasha
   969 | D:2      | Reached XP level 4. HP: 40/40 MP: 3/3
   987 | D:2      | Noticed Terence
   991 | D:2      | Killed Terence
  1061 | D:2      | Reached XP level 5. HP: 12/47 MP: 4/4
  1062 | D:2      | Killed from afar by an orc priest

Skill      XL: |  1  2  3  4 |
---------------+-------------+-----
Armour         | 4 |  4.7
Fighting       | 4 |  4.7
Axes           | 3 4 |  4.0
Shields        | 4 |  4.5

Action                   |  1- 3 |  4- 6 || total
-------------------------+-------+-------++-------
Melee: War axe           |    44 |    20 ||    64
       Headbutt          |     6 |     3 ||     9
  Use: Potion            |       |     1 ||     1
Armor: Scale mail        |    30 |       ||    30
       Chain mail        |       |     9 ||     9
Dodge: Dodged            |    18 |     6 ||    24
Block: Shield            |    11 |    12 ||    23
